 Dungeon Crawl Stone Soup version 0.30-a0-223-gcb0039aa0c (webtiles) character file.

Game seed: 12400808143440886248

1033 qw the Chopper (level 8, -2/50 HPs)
             Began as a Gargoyle Fighter on Oct 9, 2022.
             Was an Initiate of Okawaru.
             Slain by a gnoll
             ... wielding a +0 halberd
             ... led by a gnoll bouda
              (6 damage)
             ... on level 5 of the Dungeon.
             The game lasted 00:01:40 (3581 turns).

qw the Chopper (Gargoyle Fighter)                   Turns: 3581, Time: 00:01:41

Health: -2/50      AC: 12    Str: 19 (22) XL:     8   Next: 24%
Magic:  8/8        EV:  9    Int:  7 (9)  God:    Okawaru [......]
Gold:   223        SH:  4    Dex:  7 (9)  Spells: 7/7 levels left

rFire   . . .      SeeInvis .    Y - +0 war axe
rCold   + . .      Faith    .    c - +0 buckler
rNeg    + . .      Spirit   .    b - +0 scale mail
rPois   inf        Reflect  .    (no helmet)
rElec   +          Harm     .    (no cloak)
rCorr   .          Rampage  .    (no gloves)
Will    .....                    (no boots)
Stlth   ..........               l - amulet of regeneration
HPRegen 1.08/turn                j - ring of protection from cold
MPRegen 0.11/turn                (no ring)

@: about to teleport
A: sickness immunity, AC +5, negative energy resistance 1, electricity
resistance, torment resistance 1, petrification resistance
a: Renounce Religion


You were on level 5 of the Dungeon.
You worshipped Okawaru.
Okawaru was noncommittal.
You visited 2 branches of the dungeon, and saw 6 of its levels.

You collected 223 gold pieces.


Innate Abilities, Weirdness & Mutations

You are immune to sickness and miasma.
Your stone body is resilient. (AC +5)
You are immune to poison.
You resist negative energy. (rN+)
You are resistant to electric shocks. (rElec)
You are resistant to unholy torment.
You are immune to petrification.


   Skills:
 - Level 5.4 Fighting
 + Level 7.6 Axes
 - Level 3.2 Armour
 - Level 1.6 Dodging
 - Level 3.2 Shields


You had 7 spell levels left.
You didn't know any spells.
Your spell library was empty.

Inventory:

Hand Weapons
 p - a +0 flail
 Y - a +0 war axe (weapon)
Armour
 b - a +0 scale mail (worn)
 c - a +0 buckler (worn)
Jewellery
 j - a ring of protection from cold (left hand)
 l - an amulet of regeneration (around neck)
 m - a ring of fire
Scrolls
 f - a scroll of noise {unknown}
 h - 3 scrolls of identify
Potions
 a - a potion of cancellation
 d - a potion of might
 e - a potion of lignification
 i - 3 potions of curing
 n - a potion of attraction
 o - a potion of haste {unknown}

Dungeon Overview and Level Annotations

Branches:
Dungeon (5/15)             Temple (1/1) D:5

Altars:
Cheibriados
Dithmenos
Elyvilon
Fedhas
Hepliaklqana
Kikubaaqudgha
Makhleb
Nemelex Xobeh
Okawaru
Qazlal
Sif Muna
Trog
Uskayaw
Wu Jian
Xom
Zin

Annotations:
D:2 1 runed translucent door, Crazy Yiuf


Message History

h - 3 scrolls of identify (gained 1)
You open the door. 2 gnolls come into view.
The gnoll shouts! x2; You hear a shout! x2
A gnoll bouda comes into view.
It is wielding a +0 club and wearing a +0 leather armour of cold resistance.
Found 8 gold pieces.
A gnoll comes into view. It is wielding a +0 flail.
The gnoll bouda shouts!
The gnoll closely misses you.
A gnoll comes into view. It is wielding a +0 club.
There is an open door here.
You slash the gnoll!
The gnoll is severely wounded.
The gnoll bouda barks out a call to the hunt!
The gnolls pick up the pace!
The gnoll hits you with a +0 halberd!
A gnoll comes into view. It is wielding a +0 halberd.
You barely miss the gnoll.
The gnoll is severely wounded.
The gnoll hits you from afar with a +0 halberd!
The gnoll hits you with a +0 halberd.
You closely miss the gnoll.
The gnoll is severely wounded.
You block the gnoll's attack.
You hit the gnoll bouda but do no damage.
The gnoll hits you from afar with a +0 halberd!
The gnoll barely misses you.
The gnoll hits you from afar with a +0 halberd!
The gnoll hits you from afar with a +0 halberd.
3580 ||| READING scroll of teleportation.
As you read the scroll of teleportation, it crumbles to dust.
You feel strangely unstable.
The gnoll hits you from afar with a +0 halberd!
The gnoll barely misses you.
You slash the gnoll bouda!
The gnoll bouda is heavily wounded.
You hit the gnoll. The gnoll hits you but does no damage.
The gnoll hits you from afar with a +0 halberd.
You die...

##. #(...##..............
...##......#.............
.........#.#..##..#......
..##.....#.#.............
..##.....#.#.....#.####..
........##.#..........#..
........##.#.............
........##.#####.........
.>......@gg# +#####...
........#ggg.... ......
........#.g..... #..
........#....... ##+
........#....... #..
........#....... #.>
.....####....... #:. ....
....... #... #...


You could see a gnoll bouda and 5 gnolls.

Vanquished Creatures
  Pikel (D:4)
  A black bear (D:4)
  An ogre (D:4)
  A phantom (D:4)
  A scorpion (D:5)
  A hound (D:5)
  An iguana (D:5)
  2 orc wizards (D:4)
  9 adders
  2 worms
  3 dart slugs
  8 orcs
  2 ball pythons
  7 endoplasms
  3 giant cockroaches
  5 goblins
  7 hobgoblins
  3 quokkas (D:1)
  7 bats
  7 frilled lizards
  5 kobolds
  6 rats
83 creatures vanquished.

Notes
Turn   | Place    | Note
-------+----------+-------------------------------------------
     0 | D:1      | qw the Gargoyle Fighter began the quest for the Orb.
     0 | D:1      | Reached XP level 1. HP: 14/14 MP: 1/1
     0 | D:1      | 0 ||| qw: Version: 0.2-a-17-g06abaee
     0 | D:1      | 0 ||| qw: Game counter: 2061
     0 | D:1      | 0 ||| qw: Always use a shield: true
     0 | D:1      | 0 ||| qw: God list: Okawaru
     0 | D:1      | 0 ||| qw: Allow faded altars: false
     0 | D:1      | 0 ||| qw: Do Orc after D:15 true
     0 | D:1      | 0 ||| qw: Do second Lair branch before Depths: true
     0 | D:1      | 0 ||| qw: Lair rune preference: random
     0 | D:1      | 0 ||| qw: Plans: Normal, Zot:1-4, God:TSO, Crypt, Tomb,
                  | Pan, Slime:5, Hells, Abyss, Orb
     0 | D:1      | 0 ||| PLANNING D:1-11
    30 | D:1      | Reached skill level 2 in Axes
   185 | D:1      | Reached XP level 2. HP: 19/19 MP: 2/2
   633 | D:1      | 633 ||| READING scroll labelled MEUL PEUSSO.
   634 | D:1      | 634 ||| READING scroll labelled AMAKKU CAANIA.
   693 | D:2      | Reached skill level 3 in Axes
   705 | D:2      | Reached XP level 3. HP: 23/23 MP: 3/3
  1188 | D:2      | Found a runed translucent door.
  1189 | D:2      | Noticed Crazy Yiuf
  1236 | D:2      | 1236 ||| UPGRADING to amulet of regeneration.
  1241 | D:2      | 1241 ||| DROPPING +6 ring of intelligence.
  1242 | D:2      | 1242 ||| READING 2 scrolls labelled FEIM DEECI.
  1243 | D:2      | 1243 ||| READING scroll labelled MASSIFUZXO.
  1292 | D:2      | 1292 ||| READING scroll labelled QEIMAN WUMIGG.
  1393 | D:2      | 1393 ||| DRINKING 2 yellow potions.
  1394 | D:2      | 1394 ||| DRINKING 2 fuming black potions.
  1395 | D:2      | 1395 ||| DROPPING potion of magic.
  1413 | D:3      | 1413 ||| STAIRDANCE
  1416 | D:2      | Reached XP level 4. HP: 28/28 MP: 4/4
  1446 | D:3      | 1446 ||| STAIRDANCE
  1481 | D:3      | 1481 ||| STAIRDANCE
  1592 | D:3      | Reached skill level 4 in Axes
  1624 | D:3      | Found a stormy altar of Qazlal.
  1653 | D:3      | 1653 ||| Stepping ~*~*~tactically~*~*~ (stealth).
  2159 | D:3      | 2159 ||| UPGRADING to ring of protection from cold.
  2160 | D:3      | 2160 ||| READING scroll labelled ERACWIEWIM.
  2161 | D:3      | 2161 ||| READING scroll labelled NOJAUM NECHELO.
  2162 | D:3      | 2162 ||| DRINKING 2 bubbling blue potions.
  2350 | D:4      | 2350 ||| Stepping ~*~*~tactically~*~*~ (stealth).
  2386 | D:4      | Noticed Pikel
  2386 | D:4      | Noticed a lemure
  2387 | D:4      | 2387 ||| Stepping ~*~*~tactically~*~*~ (stealth).
  2388 | D:4      | 2388 ||| Stepping ~*~*~tactically~*~*~ (stealth).
  2389 | D:4      | Noticed a lemure
  2389 | D:4      | Noticed a lemure
  2389 | D:4      | Noticed a lemure
  2390 | D:4      | 2390 ||| Stepping ~*~*~tactically~*~*~ (stealth).
  2392 | D:4      | 2392 ||| Stepping ~*~*~tactically~*~*~ (stealth).
  2405 | D:4      | Killed Pikel
  2406 | D:4      | Reached skill level 7 in Axes
  2406 | D:4      | Reached XP level 5. HP: 14/32 MP: 5/5
  2406 | D:4      | Reached XP level 6. HP: 16/37 MP: 6/6
  2406 | D:4      | Reached XP level 7. HP: 18/41 MP: 7/7
  2429 | D:4      | 2429 ||| DROPPING +0 mace.
  2433 | D:4      | 2433 ||| Stepping ~*~*~tactically~*~*~ (stealth).
  2435 | D:4      | 2435 ||| Stepping ~*~*~tactically~*~*~ (hiding).
  2437 | D:4      | 2437 ||| Stepping ~*~*~tactically~*~*~ (hiding).
  2438 | D:4      | 2438 ||| Stepping ~*~*~tactically~*~*~ (hiding).
  2473 | D:4      | 2473 ||| FLEEEEING.
  2519 | D:4      | 2519 ||| Stepping ~*~*~tactically~*~*~ (stealth).
  2589 | D:4      | 2589 ||| Stepping ~*~*~tactically~*~*~ (stealth).
  2595 | D:4      | Reached skill level 1 in Dodging
  2640 | D:4      | 2640 ||| DROPPING +0 whip of electrocution.
  2951 | D:4      | Reached XP level 8. HP: 47/50 MP: 8/8
  3024 | D:4      | 3024 ||| READING scroll labelled VYWUBL XUEBB.
  3025 | D:4      | 3025 ||| DRINKING 3 sapphire potions.
  3026 | D:4      | 3026 ||| READING 2 scrolls of identify.
  3026 | D:4      | 3026 ||| IDENTIFYING lumpy coppery potion
  3027 | D:4      | 3027 ||| DROPPING 2 potions of degeneration.
  3044 | D:5      | Entered Level 5 of the Dungeon
  3049 | D:5      | Found a shadowy altar of Dithmenos.
  3099 | D:5      | Found a staircase to the Ecumenical Temple.
  3100 | D:5      | 3100 ||| PLANNING TEMPLE
  3103 | D:5      | 3103 ||| READING 2 scrolls of identify.
  3103 | D:5      | 3103 ||| IDENTIFYING bubbling black potion
  3105 | D:5      | 3105 ||| FLEEEEING.
  3106 | D:5      | 3106 ||| FLEEEEING.
  3107 | D:5      | 3107 ||| FLEEEEING.
  3108 | D:5      | 3108 ||| FLEEEEING.
  3109 | D:5      | 3109 ||| FLEEEEING.
  3165 | Temple   | Entered the Ecumenical Temple
  3195 | Temple   | 3195 ||| PLANNING OKAWARU WORSHIP
  3370 | Temple   | Became a worshipper of Warmaster Okawaru
  3371 | Temple   | 3371 ||| PLANNING D:1-11
  3466 | D:5      | Found a shimmering blue altar of Sif Muna.
  3475 | D:5      | 3475 ||| DRINKING 2 potions of curing.
  3475 | D:5      | 3475 ||| (to cure confusion)
  3476 | D:5      | 3476 ||| FLEEEEING.
  3549 | D:5      | 3549 ||| Stepping ~*~*~tactically~*~*~ (stealth).
  3579 | D:5      | HP: 10/50 [gnoll/+0 halberd[a gnoll bouda] (5)]
  3580 | D:5      | 3580 ||| READING scroll of teleportation.
  3580 | D:5      | HP: 2/50 [gnoll/+0 halberd[a gnoll bouda] (9)]
  3581 | D:5      | Slain by a gnoll

Levels and vault maps discovered:
D:1:      dpeg_arrival_stonehenge_8_columns, layout_basic
D:2:      layout_basic, uniq_crazy_yiuf_cottage
D:3:      layout_basic, mainiacjoe_overflow_24_doors, st_stairs_3
D:4:      layout_basic, minmay_misc_feat_iff, uniq_pikel
D:5:      layout_basic, lemuel_crystal_altar, led_sif_book,
          minmay_temple_entry_offerings
Temple:   nicolae_temple_figure_eight

Skill      XL: |  1  2  3  4  5  6  7 |
---------------+----------------------+-----
Axes           | 2 3 7 |  7.6
Fighting       | 5 |  5.4
Dodging        | 1 |  1.6
Armour         | |  3.2
Shields        | |  3.2

Action                   |  1- 3 |  4- 6 |  7- 9 || total
-------------------------+-------+-------+-------++-------
Melee: War axe           |    88 |    94 |   129 ||   311
  Use: Scroll            |     5 |     2 |     4 ||    11
       Potion            |     2 |     1 |     2 ||     5
Armor: Scale mail        |    31 |    50 |    74 ||   155
Dodge: Dodged            |    41 |    29 |    50 ||   120
Block: Buckler           |    13 |    16 |    19 ||    48

Table legend:
 A = Non-vault XP
 B = Vault XP
 C = Vault XP percentage of total XP
 D = Non-vault monster count
 E = Vault monster count
 F = Vault count percentage of total count
                 A         B        C        D         E       F
            +---------+---------+-------+---------+---------+-------
      Total |     832 |     645 |  43.7 |      80 |       3 |   3.6
            +---------+---------+-------+---------+---------+-------
        D:1 |      28 |       0 |   0.0 |      18 |       0 |   0.0
        D:2 |      64 |       0 |   0.0 |      19 |       0 |   0.0
        D:3 |      40 |       4 |   9.1 |      13 |       2 |  13.3
        D:4 |     513 |     641 |  55.5 |      24 |       1 |   4.0
        D:5 |     187 |       0 |   0.0 |       6 |       0 |   0.0
            +---------+---------+-------+---------+---------+-------
